General information
- name: BNet
- type: Ladder team game (AT/RT)
- host: Battle.net
- saver: 9-11insidejobs.
map: Mur'gulOasis
- players: 8
- length: 17:48
- speed: Fast
- version: 1.26 W3XP
- replay type: Public
» download(128 KB)
Players
team 1 (loser)

»
kynreave (
pink | 53 APM | 948 actions | 17:46)
3 Priestess of the Moon
1 Searing Arrows
2 Trueshot Aura
1 Demon Hunter
1 Evasion
1 Archmage
1 Summon Water Elemental
» actions
| Assign group hotkey | 46 | |
| Basic commands | 31 | |
| Build / train | 52 | |
| Enter build submenu | 16 | |
| Enter hero's abilities submenu | 6 | |
| Give item / drop item | 1 | |
| Right click | 410 | |
| Select / deselect | 293 | |
| Select group hotkey | 62 | |
| Use ability | 29 | |
948 total
» units
| Wisp | 15 | |
| Archer | 16 | |
| Glaive Thrower | 1 | |
| Chimaera | 5 | |
37 total
» upgrades
| Strength of the Moon | 2 | |
| Improved Bows | 1 | |
| Strength of the Wild | 2 | |
| Reinforced Hides | 1 | |
6 total
» buildings
| Altar of Elders | 1 | |
| Ancient of War | 2 | |
| Moon Well | 5 | |
| Tree of Ages | 1 | |
| Hunter's Hall | 1 | |
| Tree of Eternity | 1 | |
| Ancient of Wind | 1 | |
| Chimaera Roost | 3 | |
| Tree of Life | 1 | |
16 total
» build order
00:07 Altar of Elders
00:13 Ancient of War
00:17 Moon Well
01:51 Moon Well
02:45 Moon Well
03:35 Tree of Ages
03:53 Moon Well
05:39 Ancient of War
05:58 Hunter's Hall
08:02 Tree of Eternity
10:28 Ancient of Wind
11:51 Chimaera Roost
11:55 Chimaera Roost
11:58 Moon Well
12:30 Tree of Life
14:47 Chimaera Roost
jel007 (
blue | 56 APM | 732 actions | 12:59)
2 Archmage
1 Summon Water Elemental
1 Brilliance Aura
1 Blood Mage
1 Flame Strike
» actions
| Assign group hotkey | 36 | |
| Basic commands | 96 | |
| Build / train | 33 | |
| Enter build submenu | 16 | |
| Enter hero's abilities submenu | 3 | |
| Right click | 138 | |
| Select / deselect | 185 | |
| Select group hotkey | 203 | |
| Use ability | 22 | |
732 total
» units
| Peasant | 10 | |
| Footman | 3 | |
| Rifleman | 9 | |
22 total
» upgrades
| Gunpowder | 2 | |
| Long Rifles | 1 | |
| Armor | 1 | |
4 total
» buildings
| Farm | 8 | |
| Altar of Kings | 1 | |
| Barracks | 2 | |
| Blacksmith | 1 | |
| Keep | 1 | |
| Arcane Vault | 1 | |
| Castle | 1 | |
| Workshop | 1 | |
16 total
» build order
02:22 Farm
02:24 Farm
02:27 Farm
02:35 Altar of Kings
02:48 Barracks
03:34 Farm
04:06 Blacksmith
04:22 Farm
04:59 Keep
05:30 Farm
06:15 Farm
06:30 Arcane Vault
08:21 Barracks
08:28 Farm
11:21 Castle
12:28 Workshop
TrololoSaruman (
red | 34 APM | 589 actions | 17:18)
3 Shadow Hunter
2 Healing Wave
1 Hex
» actions
| Assign group hotkey | 4 | |
| Basic commands | 42 | |
| Build / train | 39 | |
| ESC pressed | 13 | |
| Enter build submenu | 20 | |
| Enter hero's abilities submenu | 3 | |
| Remove unit from queue | 1 | |
| Right click | 184 | |
| Select / deselect | 216 | |
| Select group hotkey | 4 | |
| Use ability | 63 | |
589 total
» units
| Peon | 14 | |
| Troll Witch Doctor | 8 | |
| Spirit Walker | 5 | |
27 total
» upgrades
| Spiked Barricades | 2 | |
| Witch Doctor Training | 3 | |
| Spirit Walker Training | 0 | |
5 total
» buildings
| Orc Burrow | 5 | |
| War Mill | 2 | |
| Altar of Storms | 1 | |
| Stronghold | 1 | |
| Watch Tower | 4 | |
| Spirit Lodge | 2 | |
| Fortress | 1 | |
| Voodoo Lounge | 1 | |
17 total
» build order
00:06 Orc Burrow
00:09 War Mill
00:23 Altar of Storms
00:55 War Mill
03:18 Stronghold
05:00 Watch Tower
05:05 Orc Burrow
05:56 Spirit Lodge
06:15 Watch Tower
06:56 Spirit Lodge
08:24 Fortress
08:51 Orc Burrow
10:14 Voodoo Lounge
11:23 Orc Burrow
12:16 Watch Tower
12:21 Orc Burrow
13:49 Watch Tower

»
pinwyno (
green | 32 APM | 548 actions | 17:14)
4 Crypt Lord
2 Impale
1 Spiked Carapace
1 Carrion Beetles
» actions
| Build / train | 45 | |
| Enter build submenu | 15 | |
| Enter hero's abilities submenu | 4 | |
| Give item / drop item | 1 | |
| Remove unit from queue | 1 | |
| Right click | 318 | |
| Select / deselect | 131 | |
| Use ability | 33 | |
548 total
» units
| Acolyte | 6 | |
| Ghoul | 9 | |
| Crypt Fiend | 12 | |
| Mur'gul Snarecaster | 1 | |
| Makrura Deepseer | 1 | |
| Gargoyle | 4 | |
33 total
» buildings
| Altar of Darkness | 1 | |
| Crypt | 1 | |
| Ziggurat | 3 | |
| Nerubian Tower | 2 | |
| Graveyard | 1 | |
| Halls of the Dead | 1 | |
| Farm | 1 | |
| Arcane Tower | 1 | |
11 total
» build order
00:14 Altar of Darkness
00:27 Crypt
00:32 Ziggurat
01:31 Nerubian Tower
02:38 Graveyard
04:36 Ziggurat
04:45 Ziggurat
05:51 Nerubian Tower
05:59 Nerubian Tower
12:03 Halls of the Dead
13:47 Farm
14:43 Arcane Tower
» items
| Scroll of Healing | 1 | |
| Ivory Tower | 1 | |
2 total
team 2 (winner)

»
bad_bad_man (
teal | 149 APM | 2650 actions | 17:47)
5 Death Knight
3 Death Coil
2 Unholy Aura
3 Lich
2 Frost Nova
1 Dark Ritual
2 Crypt Lord
1 Impale
1 Spiked Carapace
» actions
| Assign group hotkey | 23 | |
| Basic commands | 149 | |
| Build / train | 59 | |
| Enter build submenu | 15 | |
| Enter hero's abilities submenu | 10 | |
| Give item / drop item | 3 | |
| Remove unit from queue | 2 | |
| Right click | 1095 | |
| Select / deselect | 376 | |
| Select group hotkey | 817 | |
| Use ability | 101 | |
2650 total
» units
| Acolyte | 2 | |
| Ghoul | 2 | |
| Crypt Fiend | 8 | |
| Mur'gul Snarecaster | 1 | |
| Obsidian Statue | 1 | |
| Frost Wyrm | 1 | |
15 total
» upgrades
| Creature Attack | 3 | |
| Burrow | 1 | |
| Web | 1 | |
| Destroyer Form | 1 | |
6 total
» buildings
| Crypt | 1 | |
| Ziggurat | 5 | |
| Graveyard | 1 | |
| Altar of Darkness | 1 | |
| Tomb of Relics | 1 | |
| Nerubian Tower | 1 | |
| Halls of the Dead | 1 | |
| Black Citadel | 1 | |
| Spirit Tower | 1 | |
| Sacrificial Pit | 1 | |
| Boneyard | 1 | |
| Slaughterhouse | 1 | |
16 total
» build order
00:07 Crypt
00:12 Ziggurat
00:36 Graveyard
00:55 Altar of Darkness
01:24 Ziggurat
01:48 Tomb of Relics
02:42 Nerubian Tower
03:48 Halls of the Dead
04:46 Ziggurat
05:53 Ziggurat
07:54 Black Citadel
10:12 Spirit Tower
14:18 Sacrificial Pit
15:39 Boneyard
15:54 Slaughterhouse
15:59 Ziggurat
» items
| Rod of Necromancy | 4 | |
| Scroll of Regeneration | 1 | |
| Lesser Clarity Potion | 2 | |
| Potion of Healing | 4 | |
| Potion of Mana | 2 | |
| Orb of Corruption | 1 | |
| Scroll of Town Portal | 3 | |
| Scroll of Healing | 2 | |
19 total
9-11insidejobs. (
yellow | 75 APM | 1330 actions | 17:48)
5 Blood Mage
3 Flame Strike
2 Banish
» actions
| Assign group hotkey | 25 | |
| Basic commands | 10 | |
| Build / train | 84 | |
| Enter build submenu | 18 | |
| Enter hero's abilities submenu | 5 | |
| Remove unit from queue | 1 | |
| Right click | 661 | |
| Select / deselect | 251 | |
| Select group hotkey | 213 | |
| Use ability | 62 | |
1330 total
» units
| Peasant | 12 | |
| Footman | 18 | |
| Dragonhawk Rider | 1 | |
| Gryphon Rider | 8 | |
39 total
» upgrades
| Defend | 1 | |
| Masonry | 3 | |
| Swords | 3 | |
| Animal War Training | 1 | |
| Armor | 3 | |
| Storm Hammers | 1 | |
| Cloud | 1 | |
13 total
» buildings
| Altar of Kings | 1 | |
| Farm | 7 | |
| Barracks | 1 | |
| Arcane Vault | 1 | |
| Scout Tower | 1 | |
| Arcane Tower | 1 | |
| Keep | 5 | |
| Blacksmith | 1 | |
| Lumber Mill | 1 | |
| Castle | 1 | |
| Gryphon Aviary | 2 | |
| Town Hall | 1 | |
23 total
» build order
00:03 Altar of Kings
00:06 Farm
00:21 Barracks
00:57 Farm
01:33 Arcane Vault
02:05 Farm
02:51 Farm
03:07 Scout Tower
03:42 Arcane Tower
04:19 Keep
04:19 Keep
04:19 Keep
04:47 Farm
05:19 Blacksmith
05:52 Lumber Mill
07:03 Castle
07:16 Gryphon Aviary
07:21 Gryphon Aviary
08:09 Farm
09:51 Farm
16:50 Town Hall
» items
| Scroll of Regeneration | 6 | |
| Staff of Teleportation | 1 | |
| Lesser Clarity Potion | 4 | |
| Potion of Invisibility | 3 | |
| Scroll of Town Portal | 1 | |
| Orb of Fire | 1 | |
16 total

»
sistahaye67 (
orange | 24 APM | 429 actions | 17:47)
5 Mountain King
2 Storm Bolt
3 Bash
» actions
| Build / train | 45 | |
| Enter build submenu | 15 | |
| Enter hero's abilities submenu | 5 | |
| Remove unit from queue | 1 | |
| Right click | 172 | |
| Select / deselect | 157 | |
| Use ability | 34 | |
429 total
» units
| Peasant | 6 | |
| Footman | 7 | |
| Knight | 8 | |
| Sorceress | 4 | |
25 total
» upgrades
| Swords | 2 | |
| Plating | 2 | |
| Lumber Harvesting | 1 | |
| Sorceress Training | 2 | |
| Magic Sentry | 0 | |
| Animal War Training | 1 | |
8 total
» buildings
| Farm | 8 | |
| Altar of Kings | 1 | |
| Barracks | 2 | |
| Lumber Mill | 1 | |
| Arcane Vault | 1 | |
| Blacksmith | 1 | |
| Keep | 1 | |
| Castle | 1 | |
| Arcane Sanctum | 1 | |
17 total
» build order
00:11 Farm
00:15 Altar of Kings
00:40 Barracks
01:57 Lumber Mill
02:05 Farm
02:36 Arcane Vault
03:11 Blacksmith
03:49 Farm
04:38 Keep
04:42 Farm
05:40 Farm
06:38 Barracks
07:09 Farm
07:17 Castle
08:00 Arcane Sanctum
12:23 Farm
15:14 Farm
» items
SpanishPower01 (
purple | 22 APM | 394 actions | 17:47)
5 Archmage
3 Summon Water Elemental
2 Brilliance Aura
» actions
| Basic commands | 1 | |
| Build / train | 66 | |
| Enter build submenu | 25 | |
| Enter hero's abilities submenu | 5 | |
| Remove unit from queue | 1 | |
| Right click | 138 | |
| Select / deselect | 119 | |
| Use ability | 39 | |
394 total
» units
| Peasant | 14 | |
| Footman | 7 | |
| Rifleman | 6 | |
| Priest | 7 | |
| Mortar Team | 6 | |
| Flying Machine | 2 | |
| Sorceress | 2 | |
44 total
» upgrades
| Long Rifles | 1 | |
| Flare | 1 | |
| Priest Training | 1 | |
| Sorceress Training | 1 | |
4 total
» buildings
| Farm | 13 | |
| Scout Tower | 3 | |
| Arcane Tower | 2 | |
| Altar of Kings | 1 | |
| Keep | 2 | |
| Barracks | 1 | |
| Lumber Mill | 1 | |
| Blacksmith | 1 | |
| Arcane Vault | 1 | |
| Arcane Sanctum | 1 | |
| Workshop | 1 | |
| Guard Tower | 2 | |
| Town Hall | 2 | |
| Castle | 1 | |
32 total
» build order
00:49 Farm
00:56 Scout Tower
01:26 Arcane Tower
01:34 Farm
02:01 Altar of Kings
02:52 Keep
03:01 Barracks
03:10 Farm
03:25 Lumber Mill
03:57 Farm
04:16 Blacksmith
04:33 Arcane Vault
05:01 Farm
05:23 Scout Tower
05:38 Arcane Sanctum
05:47 Workshop
05:53 Guard Tower
05:57 Scout Tower
06:06 Farm
06:32 Guard Tower
07:25 Farm
09:45 Farm
09:49 Farm
12:38 Arcane Tower
13:10 Town Hall
14:41 Farm
14:44 Farm
16:23 Farm
16:26 Farm
16:30 Castle
16:49 Town Hall
» items
| Scroll of Regeneration | 1 | |
| Ivory Tower | 1 | |
| Mechanical Critter | 1 | |
| Boots of Speed | 1 | |
4 total
Chat log
(00:43 / Allies) sistahaye67: hi plan units
(03:31 / Allies) sistahaye67: units
(03:50 / Allies) 9-11insidejobs.: yeah
(03:51 / Allies) SpanishPower01: preists, morta, and some guns
(04:12 / Allies) sistahaye67: ill get knights and some sorc
(04:17 / Allies) 9-11insidejobs.: k I'll get air
(04:24 / Allies) 9-11insidejobs.: and early footmen
(08:20 / Allies) sistahaye67: thanks purple
(08:24 / Allies) SpanishPower01: np
(13:06 / Allies) 9-11insidejobs.: ragequit vs invisiharass lol
(14:40 / All) 9-11insidejobs.: 3 acos? really?
(14:43 / All) 9-11insidejobs.: aww no free xp for me :(
(14:46 / All) 9-11insidejobs.: still lvl 5 though
(16:42 / All) 9-11insidejobs.: gg
(17:16 / All) 9-11insidejobs.: gg
(17:20 / Allies) 9-11insidejobs.: gonna buy healing scroll first
(17:28 / Allies) 9-11insidejobs.: they might rage out too fast though